 Dungeon Crawl Stone Soup version 0.23-a0-726-g9fa1570 (webtiles) character file.

250563 tilp the Impaler (level 19, 0/155 HPs)
             Began as a Merfolk Ice Elementalist on Jan 13, 2019.
             Was the Champion of Makhleb.
             Slain by a deep elf knight
             ... wielding a +0 scimitar
              (14 damage)
             ... on level 1 of the Vaults on Jan 16, 2019.
             The game lasted 03:45:02 (48609 turns).

tilp the Impaler (Merfolk Ice Elementalist)        Turns: 48609, Time: 03:45:03

Health: 0/155      AC: 25    Str:  9    XL:     19   Next: 63%
Magic:  19/34      EV: 20    Int: 29    God:    Makhleb [******]
Gold:   183        SH:  0    Dex: 21    Spells: 3/40 levels left

rFire    . . .     SeeInvis +   a - +8 glaive "Leullibe" {drain, +Blink}
rCold    . . .     Gourm    .   (shield currently unavailable)
rNeg     . . .     Faith    +   E - +2 robe "Emonaix" {MR+ SInv}
rPois    +         Spirit   .   d - +1 helmet
rElec    .         Reflect  .   P - +2 cloak of Lethargy {Int+4}
rCorr    .         Harm     .   j - +2 pair of gloves {Dex+3}
MR       +++..                  v - +2 pair of boots
Stlth    +.........             I - amulet of faith
HPRegen  1.35/turn              K - +4 ring of intelligence
MPRegen  0.24/turn              i - ring "Rebrise" {rPois MR+ Dex+3 Stlth-}

@: icy armour, regenerating, studying Summonings, drained
A: change form in water, swift swim, stealthy swim
}: 2/15 runes: barnacled, gossamer
a: Minor Destruction, Lesser Servant of Makhleb, Major Destruction, Greater
Servant of Makhleb, Renounce Religion, Evoke Blink


You were on level 1 of the Vaults.
You worshipped Makhleb.
Makhleb was exalted by your worship.
You were not hungry.

You visited 7 branches of the dungeon, and saw 33 of its levels.
You also visited: Sewer, Bailey and Ice Cave.

You collected 3706 gold pieces.
You spent 3523 gold pieces at shops.

Inventory:

Hand Weapons
 a - the +8 glaive "Leullibe" (weapon) {drain, +Blink}
   (You found it on level 2 of the Lair of Beasts)

   A truly terrible weapon, it drains the life of those it strikes.
   It lets you blink.
 b - a +3 glaive of flaming
 D - a +3 bardiche
Missiles
 z - 59 tomahawks (quivered)
 M - 6 throwing nets
Armour
 d - a +1 helmet (worn)
 j - a +2 pair of gloves of dexterity (worn)
 v - a +2 pair of boots (worn)
 A - a +2 robe of resistance
 E - the +2 robe "Emonaix" (worn) {MR+ SInv}
   (You bought it in a shop on level 4 of the Dungeon)

   It affects your resistance to hostile enchantments.
   It lets you see invisible.
 P - the +2 cloak of Lethargy (worn) {Int+4}
   (You bought it in a shop on level 4 of the Dungeon)

   It affects your intelligence (+4).
Jewellery
 i - the ring "Rebrise" (right hand) {rPois MR+ Dex+3 Stlth-}
   (You bought it in a shop on level 4 of the Dungeon)

   [ring of attention]

   It affects your dexterity (+3).
   It protects you from poison.
   It affects your resistance to hostile enchantments.
   It makes you less stealthy.
 y - the ring "Irpheqil" {rN+ Dex+4 Stlth-}
   (You took it off an orc sorcerer on level 13 of the Dungeon)

   [ring of attention]

   It affects your dexterity (+4).
   It protects you from negative energy.
   It makes you less stealthy.
 F - an uncursed ring of protection from magic
 I - an amulet of faith (around neck)
 K - a +4 ring of intelligence (left hand)
 Q - an uncursed ring of resist corrosion
 W - an uncursed ring of fire
Wands
 n - a wand of digging (10)
 r - a wand of scattershot (10)
 J - a wand of acid (6)
 L - a wand of paralysis (30)
 U - a wand of polymorph (10)
 Y - a wand of flame (41)
Scrolls
 e - 7 scrolls of amnesia
 k - 4 scrolls of blinking
 o - 4 scrolls of fear
 p - 9 scrolls of fog
 q - 10 scrolls of teleportation
 s - 18 scrolls of remove curse
 B - 2 scrolls of magic mapping
 H - 5 scrolls of identify
 T - a scroll of silence
Potions
 f - 7 potions of flight
 g - 3 potions of berserk rage
 h - 4 potions of agility
 l - a potion of resistance
 m - 5 potions of cancellation
 t - 6 potions of haste
 u - 4 potions of mutation
 w - 3 potions of heal wounds
 x - 5 potions of might
 C - 2 potions of invisibility
 G - 3 potions of brilliance
 N - 3 potions of ambrosia
 S - 3 potions of curing
Books
 V - a manual of Summonings
Miscellaneous
 R - a lightning rod (4/4)
 X - a lamp of fire
 Z - a phantom mirror
Comestibles
 c - 54 rations
 O - 5 chunks of flesh


   Skills:
 - Level 15.0(14.1) Fighting
 - Level 20.0(19.0) Polearms
 - Level 10.0(9.2) Dodging
 - Level 2.1(1.5) Stealth
 + Level 11.4(10.6) Spellcasting
 - Level 10.1(9.3) Conjurations
 - Level 4.0(3.3) Hexes
 - Level 8.0(7.2) Charms
 - Level 4.0(3.3) Summonings
 - Level 15.0(14.1) Ice Magic
 - Level 8.0(7.2) Air Magic
 - Level 10.0(9.2) Invocations
 - Level 8.0(7.2) Evocations


You had 3 spell levels left.
You knew the following spells:

 Your Spells              Type           Power        Failure   Level  Hunger
a - Summon Lightning Spi  Summ/Air       #####...     4%          4    None
b - Throw Frost           Conj/Ice       ######       1%          2    None
c - Ozocubu's Armour      Chrm/Ice       ######..     1%          3    None
d - Throw Icicle          Conj/Ice       ######..     1%          4    None
e - Summon Ice Beast      Ice/Summ       ######..     1%          4    None
f - Regeneration          Chrm/Necr      #####.....   2%          3    None
g - Spectral Weapon       Hex/Chrm       #####...     1%          3    None
h - Ensorcelled Hibernat  Hex/Ice        ######       1%          2    None
i - Confusing Touch       Hex            ####..       1%          1    None
j - Freezing Cloud        Conj/Ice/Air   ######....   9%          6    #####..
k - Mephitic Cloud        Conj/Pois/Air  #####...     1%          3    None
l - Swiftness             Chrm/Air       ######..     1%          2    None

Your spell library contained the following spells:

 Spells                   Type           Power        Failure   Level  Hunger
 Freeze                   Ice            ####         0%          1    None
 Corona                   Hex            ####...      1%          1    None
 Infusion                 Chrm           ####         1%          1    None
 Shock                    Conj/Air       ####         1%          1    None
 Poisonous Vapours        Pois/Air       #####.       1%          2    None
 Shroud of Golubria       Chrm/Tloc      #####.....   1%          2    None
 Slow                     Hex            ####....     1%          2    None
 Song of Slaying          Chrm           ######..     1%          2    None
 Conjure Flame            Conj/Fire      #####...     1%          3    None
 Static Discharge         Conj/Air       ######..     1%          3    None
 Stone Arrow              Conj/Erth      #####.       1%          3    None
 Confuse                  Hex            ####....     2%          3    None
 Beastly Appendage        Tmut           ###...       3%          1    None
 Sandblast                Erth           ###...       3%          1    None
 Passwall                 Tmut/Erth      ###.....     5%          2    None
 Sticks to Snakes         Tmut           ###.....     5%          2    None
 Sublimation of Blood     Necr           ###.......   5%          2    None
 Inner Flame              Hex/Fire       ####....     5%          3    None
 Portal Projectile        Hex/Tloc       ####..       5%          3    None
 Recall                   Summ/Tloc      N/A          5%          3    None
 Gell's Gravitas          Tloc           ###.......   11%         3    None
 Ignite Poison            Fire/Tmut/Pois ###.....     11%         3    None
 Spider Form              Tmut/Pois      ###.......   11%         3    None
 Airstrike                Air            ######....   1%          4    None
 Ice Form                 Ice/Tmut       ######..     1%          4    None
 Metabolic Englaciation   Hex/Ice        ######....   2%          5    ###....
 Lightning Bolt           Conj/Air       ######....   3%          5    ###....
 Cause Fear               Hex            ####......   9%          4    None
 Silence                  Hex/Air        #####.....   11%         5    ###....
 Irradiate                Conj/Tmut      #####.....   14%         5    ###....
 Leda's Liquefaction      Hex/Erth       ####......   19%         4    None
 Conjure Ball Lightning   Conj/Air       ######....   19%         6    #####..
 Excruciating Wounds      Chrm/Necr      #####.....   22%         5    ###....
 Aura of Abjuration       Summ           #####.....   24%         5    ###....
 Summon Demon             Summ           #####.....   24%         5    ###....
 Summon Mana Viper        Hex/Summ       ####....     24%         5    ###....
 Deflect Missiles         Chrm/Air       ######....   26%         6    #####..
 Simulacrum               Ice/Necr       ######....   30%         6    #####..
 Animate Dead             Necr           N/A          34%         4    None
 Petrify                  Tmut/Erth      ###.....     34%         4    None
 Summon Forest            Summ/Tloc      ####......   43%         5    ###....
 Yara's Violent Unravell  Hex/Tmut       ####......   45%         5    ###....
 Alistair's Intoxication  Tmut/Pois      ###.....     69%         5    ###....
 Blade Hands              Tmut           ###.......   69%         5    ###....
 Borgnjor's Vile Clutch   Necr/Erth      ###.......   69%         5    ###....
 Lee's Rapid Deconstruct  Erth           ###.......   69%         5    ###....
 Shadow Creatures         Summ           N/A          80%         6    #####..
 Death Channel            Necr           ###.......   99%         6    #####..
 Ring of Flames           Chrm/Fire      #####.....   100%        7    ######.
 Summon Hydra             Summ           #####.....   100%        7    ######.
 Tornado                  Air            ######....   100%        9    #######


Dungeon Overview and Level Annotations

Branches:
Dungeon (15/15)            Temple (1/1) D:4            Lair (6/6) D:9
 Shoals (4/4) Lair:3       Spider (4/4) Lair:3        Slime (0/5) Lair:5
    Orc (2/2) D:10            Elf (0/3) Orc:2        Vaults (1/5) D:13
 Depths (0/5) D:15

Altars:
Ashenzari
Cheibriados
Dithmenos
Elyvilon
Fedhas
Gozag
Hepliaklqana
Kikubaaqudgha
Makhleb
Nemelex Xobeh
Okawaru
Qazlal
Ru
Sif Muna
Trog
Uskayaw
Vehumet
Wu Jian
Xom
Yredelemnul
Zin
The Shining One
Beogh

Shops:
D:4 =[:[   D:7 *   Orc:1 :[   Orc:2 %*}[   Shoals:2 *   Vaults:1 [

Portals:
Pandemonium: Orc:2

Annotations:
D:15 4 runed doors, exclusion: orange crystal statue, Etirghy's ghost, journeyman TrBe
Lair:1 exclusion: oklob plant
Shoals:1 exclusion: kraken
Shoals:2 exclusion: kraken


Message History

The centaur warrior hits you but does no damage.
The deep elf knight hits you but does no damage.
You feel drained.
You feel much better. The deep elf knight closely misses you.
The vault sentinel casts a spell at you.
You resist with almost no effort.
The centaur warrior hits you but does no damage.
The ironbrand convoker hits you with a +0 morningstar!!
* * * LOW HITPOINT WARNING * * *
The deep elf knight points at you and mumbles some strange words.
The shard of ice hits you!
* * * LOW HITPOINT WARNING * * *
Casting: Ozocubu's Armour (safe; 1% risk of failure)
Confirm with . or Enter, or press ? or * to list all spells.
Your skin crawls.
The centaur warrior hits you but does no damage.
The vault sentinel completely misses you.
The vault sentinel closely misses your spectral weapon.
The deep elf knight hits you with a +0 scimitar!
You die...

#...# #.... #...##########
#....
#..........†.############....
#............................
#.....##########.............
#.....#........#......u......
#.....#........#.......######
#.....#....)ep.#.......'.....
#.....#....p@c.#......u#.....
#.....#....e(..#.......#.....
#.....#........#.......#.....
#.....#........#.......#.....
#.....######'###.......#.....
#...........)).........######
#.......................
#..###########...........
#..##........#.....#######


You could see a centaur warrior, a vault sentinel, 2 deep elf knights, an
ironbrand convoker and a friendly spectral +8 glaive "Leullibe" {drain, +Blink}.

Vanquished Creatures
  Arachne (Spider:3)
  Polyphemus (Shoals:2)
  A kraken (Shoals:2)
  Frances (Spider:2)
  A frost giant (Shoals:2)
  Ilsuiw (Shoals:4)
  6 ghost moths
  6 emperor scorpions
  An ironheart preserver (Vaults:1)
  Nessos (D:14)
  3 entropy weavers
  A stone giant (Shoals:2)
  Azrael (D:12)
  A spark wasp (Spider:4)
  5 merfolk impalers (Shoals:4)
  5 merfolk javelineers
  4 fire dragons
  A great orb of eyes (D:15)
  A yaktaur captain (Vaults:1)
  Harold (D:8)
  4 vault guards
  8 hydras
  A catoblepas (Shoals:2)
  4 merfolk aquamancers (Shoals:4)
  8 centaur warriors
  12 two-headed ogres
  2 satyrs
  5 ogre magi
  4 merfolk avatars (Shoals:4)
  11 death yaks
  A tengu warrior (D:14)
  7 orc high priests (Orc:2)
  Sonja (D:11)
  A fire crab (Lair:6)
  A sun demon (Orc:2)
  6 skeletal warriors
  2 unseen horrors
  An infernal demonspawn (Orc:2)
  10 sea snakes
  A deep troll (D:14)
  A torturous demonspawn (Orc:2)
  A wizard (Vaults:1)
  25 wolf spiders
  3 deep elf archers
  An ironbrand convoker (Vaults:1)
  7 orc knights
  18 ugly things
  A wolf spider (shapeshifter) (D:15)
  10 harpies
  9 orc sorcerers
  4 wolf spider zombies
  15 cyclopes
  5 fauns
  4 deep elf magi
  A moth of wrath (Spider:1)
  21 orb spiders
  A salamander (D:15)
  12 manticores
  7 merfolk sirens
  6 elephants (Lair:3)
  3 black mambas
  2 ice statues (IceCv)
  A rust devil (Orc:2)
  5 water nymphs
  3 torpor snails (Spider:1)
  9 spiny frogs
  3 vault sentinels (Vaults:1)
  2 molten gargoyles (Lair:6)
  An orange demon (Orc:2)
  Psyche (D:12)
  A centaur skeleton (D:14)
  13 komodo dragons
  A gargoyle (D:13)
  2 rime drakes
  8 yaktaurs (Vaults:1)
  A freezing wraith (D:13)
  12 demonic crawlers
  10 ice devils
  2 kobold demonologists
  17 merfolk
  6 trolls
  15 hornets
  8 wind drakes
  39 jumping spiders
  13 tyrant leeches (Spider:1)
  16 slime creatures
  5 blink frogs (Lair:5)
  15 hippogriffs
  A raiju (shapeshifter) (D:14)
  16 dream sheep
  3 snapping turtles
  26 tarantellas
  A centaur simulacrum (D:13)
  57 redbacks
  2 shadows
  A tarantella (shapeshifter) (Vaults:1)
  3 wraiths
  2 vampires
  A yak (shapeshifter) (D:15)
  A golden eye (shapeshifter) (Vaults:1)
  8 water elementals
  11 wyverns
  28 yaks
  3 fire elementals (D:12)
  3 basilisks (Lair:6)
  10 vampire mosquitoes
  A neqoxec (Orc:2)
  4 hungry ghosts
  A steam dragon (Lair:6)
  Grum (D:10)
  2 swamp worms (Spider:1)
  2 wargs (Orc:1)
  3 acid dragons
  14 water moccasins
  7 porcupines
  9 hell hounds
  10 ice beasts
  37 orc warriors
  3 sky beasts
  A black bear (D:6)
  5 phantoms
  An eye of draining (D:9)
  18 centaurs
  19 ogres
  19 wolves
  9 crocodiles
  6 big kobolds
  17 bullfrogs
  A gnoll sergeant (D:7)
  A wyvern skeleton (D:15)
  2 scorpions
  11 killer bees
  An orc simulacrum (Vaults:1)
  7 wights
  13 howler monkeys
  4 lava snakes (Lair:6)
  6 crimson imps
  4 centaur zombies
  4 quasits
  5 hounds
  3 bullfrog zombies
  22 orc priests
  8 jellies
  18 orc wizards
  2 bullfrog skeletons
  4 iguanas
  Ijyb (D:5)
  3 hell rats (D:7)
  15 worker ants
  A hound zombie (D:6)
  A hound skeleton (D:5)
  9 gnolls
  6 river rats
  12 adders
  3 shadow imps
  10 white imps (IceCv)
  3 ufetubi (IceCv)
  4 oozes
  3 adder zombies
  3 worms
  3 dart slugs
  5 leopard geckos
  112 orcs
  4 bats (D:1)
  9 giant cockroaches
  7 goblins
  5 hobgoblins
  21 jackals
  2 quokkas
  4 ball pythons
  11 frilled lizards
  21 kobolds
  23 rats
  2 plants (Shoals:2)
  2 tentacles (Shoals:2)
1286 creatures vanquished.

Vanquished Creatures (collateral kills)
  A reaper (IceCv)
  A hydra (D:8)
  A merfolk avatar (Shoals:4)
  A merfolk aquamancer (Shoals:4)
  2 orc knights
  3 orb spiders
  A gargoyle (D:10)
  A demonic crawler (Spider:3)
  An ice devil (IceCv)
  2 hornets (Spider:4)
  A merfolk (Shoals:2)
  2 dream sheep (Shoals:2)
  A tarantella (Spider:4)
  2 redbacks (Spider:4)
  5 orc warriors
  A big kobold (D:8)
  A bullfrog zombie (D:10)
  An orc wizard (D:10)
  2 white imps (IceCv)
  2 orcs (D:10)
  A tentacle (Shoals:2)
33 creatures vanquished.

Vanquished Creatures (others)
  An orb spider (Spider:1)
  A redback (Spider:1)
  2 white imps (IceCv)
  2 ufetubi (IceCv)
  8 fungi
  26 plants
  36 spectral weapons
  5 tentacles (Shoals:2)
81 creatures vanquished.

Grand Total: 1400 creatures vanquished

Notes
Turn   | Place    | Note
-------+----------+-------------------------------------------
     0 | D:1      | tilp the Merfolk Ice Elementalist began the quest for the
                  | Orb.
     0 | D:1      | Reached XP level 1. HP: 13/13 MP: 3/3
   219 | D:1      | Reached XP level 2. HP: 19/19 MP: 0/5
   223 | D:1      | Learned a level 2 spell: Throw Frost
  1228 | D:1      | Reached XP level 3. HP: 24/24 MP: 1/6
  1233 | D:1      | Learned a level 3 spell: Ozocubu's Armour
  1927 | D:2      | Found a shattered altar of Ashenzari.
  1934 | D:2      | Reached skill level 5 in Ice Magic
  2025 | D:2      | Found a radiant altar of Vehumet.
  2188 | D:2      | Reached XP level 4. HP: 30/30 MP: 2/7
  2833 | D:3      | Found a glowing drain.
  2896 | Sewer    | Entered a sewer
  2973 | Sewer    | Noticed a big kobold
  2979 | Sewer    | Reached XP level 5. HP: 33/35 MP: 6/8
  3015 | Sewer    | Killed a big kobold
  3015 | Sewer    | Reached skill level 1 in Fighting
  3208 | Sewer    | Found a white marble altar of Elyvilon.
  3394 | D:3      | Found an iron altar of Okawaru.
  3805 | D:4      | Found Riegug's Armour Shoppe.
  3810 | D:4      | Found Plog's Book Boutique.
  3819 | D:4      | Reached XP level 6. HP: 37/44 MP: 4/9
  4136 | D:4      | Found Kuifius's Antique Armour Boutique.
  4298 | D:4      | Found a staircase to the Ecumenical Temple.
  4299 | D:4      | Noticed a phantom
  4310 | Temple   | Entered the Ecumenical Temple
  4349 | Temple   | Became a worshipper of Makhleb the Destroyer
  4531 | D:4      | Found Owozyn's Jewellery Boutique.
  4594 | D:4      | You fall through a shaft!
  4594 | D:5      | Entered Level 5 of the Dungeon
  4606 | D:5      | Reached XP level 7. HP: 13/50 MP: 7/13
  4627 | D:5      | Noticed Ijyb
  5022 | D:4      | Bought a smoking robe for 108 gold pieces
  5022 | D:4      | Identified the +2 robe "Emonaix" {MR+ SInv} (You bought it
                  | in a shop on level 4 of the Dungeon)
  5227 | D:5      | Found a blossoming altar of Fedhas.
  5241 | D:5      | Identified the Guide on Entrancing Protection
  5246 | D:5      | Learned a level 2 spell: Ensorcelled Hibernation
  5871 | D:6      | Reached skill level 1 in Invocations
  5871 | D:6      | Reached skill level 1 in Evocations
  5871 | D:6      | Reached XP level 8. HP: 56/56 MP: 14/14
  6016 | D:6      | Reached * piety under Makhleb
  6960 | D:7      | Found Reset's General Store.
  6972 | D:7      | Bought a scroll of teleportation for 48 gold pieces
  7183 | D:7      | Found the +2 ratskin cloak {+Rats rPois rN+ Str-1 Int-1
                  | Dex+1}
  7450 | D:7      | Reached ** piety under Makhleb
  7464 | D:7      | Reached skill level 5 in Invocations
  7611 | D:7      | Noticed a hippogriff
  7641 | D:7      | Killed a hippogriff
  7641 | D:7      | Reached skill level 5 in Dodging
  7641 | D:7      | Reached XP level 9. HP: 63/64 MP: 5/15
  8151 | D:8      | Reached skill level 5 in Fighting
  8208 | D:8      | Reached skill level 1 in Polearms
  8404 | D:8      | Reached skill level 3 in Polearms
  8527 | D:8      | Reached *** piety under Makhleb
  8569 | D:8      | Reached skill level 4 in Polearms
  8698 | D:8      | Noticed Harold
  8711 | D:8      | Killed Harold
  8711 | D:8      | Reached skill level 7 in Polearms
  8891 | D:8      | Reached skill level 8 in Polearms
  8896 | D:8      | Reached XP level 10. HP: 76/76 MP: 13/16
  9031 | D:8      | Learned a level 1 spell: Confusing Touch
  9058 | D:8      | Reached skill level 9 in Polearms
  9285 | D:8      | Found a deep blue altar of Sif Muna.
  9357 | D:8      | Reached skill level 10 in Polearms
  9485 | D:8      | Noticed a three-headed hydra
  9492 | D:8      | Killed a three-headed hydra
  9492 | D:8      | Reached skill level 11 in Polearms
  9823 | D:9      | Noticed a centaur warrior
  9836 | D:9      | Killed a centaur warrior
  9836 | D:9      | Reached skill level 12 in Polearms
 10104 | D:8      | Reached skill level 13 in Polearms
 10325 | D:9      | Found a staircase to the Lair.
 10589 | D:9      | Reached skill level 14 in Polearms
 10725 | D:9      | Reached **** piety under Makhleb
 10746 | D:9      | Found a glowing golden altar of the Shining One.
 10893 | D:9      | Reached XP level 11. HP: 65/81 MP: 7/17
 11549 | D:9      | Noticed a +0 dagger
 11550 | D:9      | Found a hide-covered altar of Uskayaw.
 11551 | D:9      | Noticed a +0 hand axe
 11621 | D:10     | Entered Level 10 of the Dungeon
 11627 | D:10     | Reached skill level 15 in Polearms
 12032 | D:10     | Noticed a centaur warrior
 12050 | D:10     | Killed a centaur warrior
 12148 | D:10     | Found a roughly hewn altar of Beogh.
 12148 | D:10     | Found a staircase to the Orcish Mines.
 12187 | D:10     | Reached skill level 16 in Polearms
 12466 | Orc:1    | Entered Level 1 of the Orcish Mines
 12467 | Orc:1    | Identified 2 scrolls of acquirement
 12484 | Orc:1    | Found Eziudekhey's Book Emporium.
 12522 | Orc:1    | Noticed an orc sorcerer
 12525 | Orc:1    | Noticed a sixfirhy
 12956 | Orc:1    | Killed an orc sorcerer
 12977 | Orc:1    | Found Cezatai's Antique Armour Shoppe.
 12993 | Orc:1    | Found a flagged portal.
 13005 | Orc:1    | Reached skill level 17 in Polearms
 13034 | Bailey   | Entered a bailey
 13959 | Bailey   | Noticed an orc knight
 13982 | Bailey   | Killed an orc knight
 14175 | Orc:1    | Noticed an orc knight
 14486 | Orc:1    | Killed an orc knight
 14492 | Orc:1    | Upgraded the game from 0.23-a0-703-gdf2d5e0 to
                  | 0.23-a0-704-g7fdf9c5
 14859 | Orc:1    | Bought a faintly glowing robe for 188 gold pieces
 14859 | Orc:1    | Identified the +0 robe "Folih" {rCorr} (You bought it in a
                  | shop on level 1 of the Orcish Mines)
 15014 | D:4      | Bought the +2 cloak of Lethargy {Int+4} for 358 gold pieces
 15072 | D:4      | Bought the ring "Rebrise" {rPois MR+ Dex+3 Stlth-} for 367
                  | gold pieces
 15174 | D:5      | Killed Ijyb
 15350 | D:7      | Reached skill level 18 in Polearms
 15426 | D:7      | Found a sparkling altar of Nemelex Xobeh.
 15570 | D:11     | Noticed a purple ugly thing
 15570 | D:11     | Noticed a cyclops
 15741 | D:11     | Killed a purple ugly thing
 15741 | D:11     | Reached XP level 12. HP: 85/88 MP: 15/18
 15747 | D:11     | Learned a level 4 spell: Throw Icicle
 15752 | D:11     | Learned a level 4 spell: Summon Ice Beast
 15795 | D:11     | Noticed Sonja
 15862 | D:11     | Killed Sonja
 15862 | D:11     | Reached skill level 19 in Polearms
 16229 | D:11     | Noticed Grum
 16348 | D:10     | Reached ***** piety under Makhleb
 16486 | D:10     | Killed Grum
 16890 | D:11     | Reached skill level 20 in Polearms
 18006 | Lair:1   | Entered Level 1 of the Lair of Beasts
 18373 | Lair:1   | Reached skill level 5 in Spellcasting
 19220 | Lair:2   | Got a warped glaive
 19453 | Lair:2   | Got a fine leather armour
 19551 | Lair:2   | Noticed a five-headed hydra
 19562 | Lair:2   | Killed a one-headed hydra
 19562 | Lair:2   | Reached XP level 13. HP: 98/98 MP: 7/22
 19567 | Lair:2   | Learned a level 3 spell: Regeneration
 19952 | Lair:3   | Reached skill level 10 in Ice Magic
 19973 | Lair:3   | Reached skill level 1 in Conjurations
 19993 | Lair:3   | Reached skill level 1 in Summonings
 20013 | Lair:3   | Reached skill level 1 in Hexes
 20013 | Lair:3   | Reached skill level 1 in Charms
 20071 | Lair:3   | Found a staircase to the Shoals.
 20393 | Lair:3   | Identified the +8 glaive "Leullibe" {drain, +Blink} (You
                  | found it on level 2 of the Lair of Beasts)
 20707 | Lair:3   | Found a hole to the Spider Nest.
 21044 | Lair:4   | Identified the +2 leather armour of the Kraken {Dex+3} (You
                  | found it on level 2 of the Lair of Beasts)
 21373 | Lair:4   | Found a frozen archway.
 21389 | Lair:4   | Reached ****** piety under Makhleb
 21409 | IceCv    | Entered an ice cave
 23030 | IceCv    | Noticed a reaper
 23046 | IceCv    | Killed a reaper
 23584 | Lair:4   | You fall through a shaft for 2 floors!
 23584 | Lair:6   | Entered Level 6 of the Lair of Beasts
 24110 | Lair:5   | Reached XP level 14. HP: 105/105 MP: 21/24
 24537 | Lair:5   | Found a staircase to the Slime Pits.
 25913 | Lair:6   | Reached skill level 10 in Fighting
 26343 | Lair:6   | Reached skill level 5 in Evocations
 26543 | Lair:6   | Found a large runed door.
 26543 | Lair:6   | Found a large runed door.
 27095 | Orc:1    | Bought a book of Battle for 560 gold pieces
 27099 | Orc:1    | Learned a level 3 spell: Spectral Weapon
 27105 | Orc:2    | Entered Level 2 of the Orcish Mines
 27105 | Orc:2    | Found a bloodstained altar of Trog.
 27194 | Orc:2    | Found a staircase to the Elven Halls.
 27696 | Orc:2    | Found Canuph's Food Boutique.
 27900 | Orc:2    | Found Pios's General Store.
 28410 | Orc:2    | Reached XP level 15. HP: 103/115 MP: 21/27
 28687 | Orc:2    | Found Nititaro's Gadget Emporium.
 28687 | Orc:2    | Found Titila's Antique Armour Shoppe.
 28705 | Orc:2    | Found a one-way gate leading to the halls of Pandemonium.
 29219 | D:12     | Reached skill level 10 in Invocations
 29222 | D:12     | Noticed Azrael
 29236 | D:12     | Killed Azrael
 29570 | D:12     | Noticed Psyche
 29577 | D:12     | Killed Psyche
 30224 | D:13     | Found a gate to the Vaults.
 30685 | D:13     | Identified the ring "Irpheqil" {rN+ Dex+4 Stlth-}
 30894 | D:13     | Reached XP level 16. HP: 122/122 MP: 17/28
 30897 | D:13     | Identified the +10 fustibalus "Byacw" {freeze, rPois Str+3
                  | Dex-3 SInv}
 31409 | D:14     | Reached skill level 15 in Ice Magic
 31600 | D:14     | Noticed Nessos
 31610 | D:14     | Killed Nessos
 31656 | D:14     | Reached skill level 5 in Charms
 31932 | D:14     | Identified the +7 short sword "Loon" {speed, *Contam rPois
                  | MR+ Int+2}
 32081 | D:14     | Identified the Grimoire of Necromancy
 32084 | D:14     | Identified the Tome of Supportive Unholy Secrets
 32557 | D:15     | Entered Level 15 of the Dungeon
 33091 | D:15     | Found a runed door.
 33470 | D:15     | Found a runed gate.
 33470 | D:15     | Found a runed gate.
 33471 | D:15     | Found a runed gate.
 33721 | D:15     | Found a staircase to the Depths.
 33963 | D:15     | Noticed Etirghy's ghost (journeyman TrBe)
 33971 | D:15     | Upgraded the game from 0.23-a0-704-g7fdf9c5 to
                  | 0.23-a0-712-g3a644c0
 34257 | D:7      | Bought a book of Clouds for 720 gold pieces
 34257 | D:7      | Bought a scroll of amnesia for 56 gold pieces
 34264 | D:7      | Learned a level 6 spell: Freezing Cloud
 34395 | Spider:1 | Entered Level 1 of the Spider Nest
 34742 | Spider:1 | Reached XP level 17. HP: 107/138 MP: 16/29
 35752 | Spider:2 | Noticed Frances
 35765 | Spider:2 | Killed Frances
 35765 | Spider:2 | Reached skill level 15 in Fighting
 36000 | Spider:2 | Reached skill level 1 in Air Magic
 37374 | Spider:2 | Learned a level 3 spell: Mephitic Cloud
 37377 | Spider:2 | Learned a level 2 spell: Swiftness
 37404 | Spider:3 | Noticed Arachne
 37415 | Spider:3 | Killed Arachne
 38813 | Spider:3 | Reached skill level 10 in Spellcasting
 38871 | Spider:4 | Entered Level 4 of the Spider Nest
 39337 | Spider:4 | Reached XP level 18. HP: 149/149 MP: 25/32
 39763 | Spider:4 | Reached skill level 10 in Dodging
 39954 | Spider:4 | Paralysed by a hornet for 3 turns
 40089 | Spider:4 | Reached skill level 5 in Air Magic
 40099 | Spider:4 | Paralysed by a hornet for 2 turns
 40967 | Spider:4 | Got a gossamer rune of Zot
 41160 | Shoals:1 | Entered Level 1 of the Shoals
 42612 | Shoals:2 | Reached skill level 5 in Conjurations
 42794 | Shoals:2 | Noticed Polyphemus
 42913 | Shoals:2 | Found Fyenly's Assorted Antiques.
 43015 | Shoals:2 | Bought a potion of curing for 78 gold pieces
 43390 | Orc:1    | Bought a book of the Sky for 910 gold pieces
 43396 | Orc:1    | Learned a level 4 spell: Summon Lightning Spire
 43589 | Shoals:2 | Killed Polyphemus
 44992 | Shoals:4 | Entered Level 4 of the Shoals
 45253 | Shoals:4 | Reached XP level 19. HP: 155/155 MP: 18/33
 45326 | Shoals:4 | Noticed Ilsuiw
 45652 | Shoals:4 | Got a barnacled rune of Zot
 46703 | Shoals:4 | Killed Ilsuiw
 46749 | Shoals:4 | Reached skill level 10 in Conjurations
 46853 | Shoals:4 | Upgraded the game from 0.23-a0-712-g3a644c0 to
                  | 0.23-a0-726-g9fa1570
 46896 | Shoals:2 | Bought a bound iron amulet for 130 gold pieces
 46896 | Shoals:2 | Identified the amulet "Yzallyc" {Spirit rF- Str+7 Int+2}
                  | (You bought it in a shop on level 2 of the Shoals)
 47112 | Vaults:1 | Entered Level 1 of the Vaults
 47122 | Vaults:1 | Found Zen Ren's Antique Armour Emporium.
 48609 | Vaults:1 | Slain by a deep elf knight

Vault maps used:
D:1:      minmay_arrival_four_loops
D:2:      nicolae_overflow_crystal_walls, fiery_altar_vehumet, first_ration
D:3:      okawaru_ov_weapons_minmay, lightli_sewer_entry_pipes
D:4:      minmay_temple_entry_statues_fountains, serial_shops, shop,
          nicolae_shop_behind_doors, nicolae_shop_statue_plus, shop,
          minmay_manual_mess
D:5:      lemuel_doored_altar, uniq_ijyb
D:7:      wander_guarded_unrand_ratskin, nemelex_altar_shiori, serial_shops,
          shop
D:8:      hangedman_ranch, led_sif_pool, uniq_harold
D:9:      dancing_weapons_uskayaw, tso_oasis_becter, david_lair_shrubbed,
          minivault_23, serial_park_tiny_pond
D:10:     david_orc_5
D:11:     uniq_sonja, uniq_grum
D:12:     hangedman_abyss_or_decor_lesser_grid, uniq_psyche, uniq_azrael
D:13:     minmay_the_grid_3x3, lightli_vaults_fourway_checkpoint,
          small_statue_alley_a
D:14:     minmay_concentric_multi, chequers_serial_rivers_room_a, uniq_nessos
D:15:     hangedman_depths_entry_try_elsewhere_first, gammafunk_ghost_spectres,
          grunt_decor_one_mirror, minmay_crystal_box
Temple:   eino_wide_crystal_templ
Lair:1:   minmay_lair_oklob_chamber
Lair:3:   minmay_shoals_entry_beasts, nicolae_spider_entry_tight_spaces,
          grunt_megastairs_1, infiniplex_staircase_pool, serial_bayou_shore_a,
          lemuel_fruit_tree
Lair:4:   portal_ice_cave_entry_ice_beasts
Lair:5:   nicolae_slime_entry_slimehenge, grunt_megastairs_4,
          infiniplex_staircase_pool_2
Lair:6:   cheibrodos_lair_end_hotspot
Shoals:2: serial_shops, nicolae_shop_statue_plus, st_shoals_ruin,
          uniq_polyphemus
Shoals:4: shoals_end_hangedman, shoals_ilsuiw_ice, nicolae_shoals_mertower
Spider:1: worms_lemuel
Spider:2: nicolae_spider_webbed_stairs, uniq_frances
Spider:3: nicolae_spider_hall_of_the_moth_king, uniq_arachne
Spider:4: guppyfry_spider_rune, nicolae_spider_circle_web
Orc:1:    serial_shops, nicolae_shop_statue_plus, shop, enter_bailey_2
Orc:2:    pf_orc_diabolical, bloody_trog
Vaults:1: vaults_room_fancy_cross, v_misc_12, hangedman_vaults_unwind,
          vaults_room_grunt_arrival_checkpoint,
          vaults_room_grunt_arrival_ludios, vaults_room_pools,
          vaults_room_semicircle, vaults_room_semicircle, serial_shops,
          nicolae_shop_statue_plus
Sewer:    sewer_kobolds
Bailey:   bailey_polearm_1, bailey
IceCv:    ice_cave_small_demon

Skill      XL: |  1  2  3  4  5  6  7  8  9 10 11 12 13 14 15 16 17 18 19 |
---------------+----------------------------------------------------------+-----
Ice Magic      | 4 5 6 8 9 12 14 15 | 15.0
Fighting       | 2 3 6 8 10 13 15 | 15.0
Dodging        | 4 5 6 8 9 10 | 10.0
Spellcasting   | 4 6 8 10 11 | 11.4
Invocations    | 1 5 7 10 | 10.0
Evocations     | 1 4 6 8 |  8.0
Polearms       | 8 14 18 20 | 20.0
Conjurations   | 2 4 8 10 | 10.1
Summonings     | 4 |  4.0
Hexes          | 4 |  4.0
Charms         | 4 8 |  8.0
Air Magic      | 4 8 |  8.0
Stealth        | |  2.1

Action                   |  1- 3 |  4- 6 |  7- 9 | 10-12 | 13-15 | 16-18 | 19-21 || total
-------------------------+-------+-------+-------+-------+-------+-------+-------++-------
Melee: Dagger            |     8 |    16 |       |       |       |       |       ||    24
       Spear             |       |    44 |       |       |       |       |       ||    44
       Tailslap          |       |     1 |       |       |     1 |    10 |     9 ||    21
       Trident           |       |     3 |    55 |   373 |       |       |       ||   431
       Halberd           |       |       |       |   281 |       |       |       ||   281
       Glaive            |       |       |       |   382 |  1279 |  1201 |   351 ||  3213
       Staff             |       |       |       |    52 |       |       |       ||    52
 Fire: Hunting sling     |       |    36 |   218 |       |       |       |       ||   254
Throw: Stone             |    16 |    16 |       |       |       |       |       ||    32
       Tomahawk          |       |       |     1 |    12 |     5 |    12 |     3 ||    33
 Cast: Freeze            |    49 |    63 |   155 |   117 |     2 |       |       ||   386
       Ozocubu's Armour  |       |     2 |    13 |    67 |    68 |   123 |    31 ||   304
       Throw Frost       |       |     1 |     3 |    23 |     7 |    37 |     4 ||    75
       Ensorcelled Hiber |       |       |     5 |     3 |       |       |       ||     8
       Confusing Touch   |       |       |       |     1 |       |       |       ||     1
       Throw Icicle      |       |       |       |     3 |    32 |    91 |     9 ||   135
       Summon Ice Beast  |       |       |       |     1 |     1 |     4 |       ||     6
       Spectral Weapon   |       |       |       |       |    25 |   114 |    26 ||   165
       Regeneration      |       |       |       |       |     5 |    25 |     9 ||    39
       Summon Lightning  |       |       |       |       |       |     2 |    13 ||    15
       Freezing Cloud    |       |       |       |       |       |     1 |     8 ||     9
Invok: Lesser Servant of |       |       |     3 |    19 |     5 |     9 |     1 ||    37
       Greater Servant o |       |       |       |       |       |     7 |       ||     7
 Abil: Evoke Blink       |       |       |       |       |     1 |       |     1 ||     2
Evoke: Wand              |       |       |       |     2 |       |     2 |       ||     4
  Use: Scroll            |     1 |     8 |     7 |    15 |     7 |    13 |     3 ||    54
       Potion            |       |       |       |     4 |     2 |     5 |     2 ||    13
 Stab: Sleeping          |     4 |     4 |     3 |     4 |     3 |     8 |     2 ||    28
       Distracted        |       |       |       |     7 |     3 |    20 |     2 ||    32
       Paralysed         |       |       |       |     1 |       |     4 |       ||     5
       Petrified         |       |       |       |       |       |     1 |       ||     1
  Eat: Chunk             |     5 |     7 |     9 |    36 |    26 |    39 |    14 ||   136
       Ration            |       |       |     2 |     2 |     4 |     2 |       ||    10
Armor: Leather armour    |    10 |    15 |    18 |   157 |       |       |       ||   200
       Robe              |     1 |       |    73 |   160 |   316 |   401 |    88 ||  1039
       Skin              |       |       |     2 |       |       |       |       ||     2
Dodge: Dodged            |    34 |    59 |   167 |   700 |   656 |   922 |   220 ||  2758

Table legend:
 A = Non-vault XP
 B = Vault XP
 C = Vault XP percentage of total XP
 D = Non-vault monster count
 E = Vault monster count
 F = Vault count percentage of total count
                 A         B        C        D         E       F
            +---------+---------+-------+---------+---------+-------
      Total |  210053 |  158855 |  43.1 |     865 |     450 |  34.2
            +---------+---------+-------+---------+---------+-------
        D:1 |      41 |       0 |   0.0 |      21 |       0 |   0.0
        D:2 |      53 |       0 |   0.0 |      14 |       0 |   0.0
        D:3 |      21 |      39 |  65.0 |      12 |       6 |  33.3
        D:4 |     343 |      10 |   2.8 |      19 |       4 |  17.4
        D:5 |     452 |      36 |   7.4 |      16 |       1 |   5.9
        D:6 |     623 |       0 |   0.0 |      16 |       0 |   0.0
        D:7 |    1561 |     171 |   9.9 |      39 |      21 |  35.0
        D:8 |    1638 |    2442 |  59.9 |      36 |       9 |  20.0
        D:9 |    2655 |     400 |  13.1 |      41 |       1 |   2.4
       D:10 |    3709 |    1092 |  22.7 |      42 |      27 |  39.1
       D:11 |    7636 |     814 |   9.6 |      48 |       1 |   2.0
       D:12 |    5809 |    5182 |  47.1 |      31 |      13 |  29.5
       D:13 |    4777 |   17510 |  78.6 |      19 |      39 |  67.2
       D:14 |   10876 |    9416 |  46.4 |      41 |      22 |  34.9
       D:15 |   17241 |    2737 |  13.7 |      42 |       4 |   8.7
     Lair:1 |    2334 |       0 |   0.0 |      12 |       0 |   0.0
     Lair:2 |    3942 |       0 |   0.0 |      15 |       0 |   0.0
     Lair:3 |    4228 |    6377 |  60.1 |      14 |      19 |  57.6
     Lair:4 |    1223 |    1029 |  45.7 |       8 |       8 |  50.0
     Lair:5 |    3623 |     809 |  18.3 |      19 |       7 |  26.9
     Lair:6 |   16866 |    7611 |  31.1 |      47 |      24 |  33.8
   Shoals:1 |   10078 |       0 |   0.0 |      19 |       0 |   0.0
   Shoals:2 |   12550 |   12646 |  50.2 |      27 |      14 |  34.1
   Shoals:3 |    5681 |    1973 |  25.8 |      11 |       2 |  15.4
   Shoals:4 |    8124 |   23446 |  74.3 |      19 |      36 |  65.5
   Spider:1 |   17442 |    5829 |  25.0 |      44 |      19 |  30.2
   Spider:2 |   21281 |    1912 |   8.2 |      66 |       1 |   1.5
   Spider:3 |    6267 |   12194 |  66.1 |      10 |      14 |  58.3
   Spider:4 |   12260 |   21887 |  64.1 |      37 |      37 |  50.0
      Orc:1 |    2455 |       0 |   0.0 |      18 |       0 |   0.0
      Orc:2 |     463 |   16894 |  97.3 |       7 |      59 |  89.4
   Vaults:1 |   23801 |     543 |   2.2 |      55 |       2 |   3.5
      Sewer |       0 |     124 | 100.0 |       0 |      10 | 100.0
     Bailey |       0 |    1055 | 100.0 |       0 |      23 | 100.0
      IceCv |       0 |    4677 | 100.0 |       0 |      27 | 100.0
            +---------+---------+-------+---------+---------+-------
